 Dungeon Crawl Stone Soup version 0.28-a0-1555-g9ae15a6949 (webtiles) character file.

Game seed: 4327205098235696798

3086 hatsuma the Martial Artist (level 9, -2/81 HPs)
             Began as a Palentonga Transmuter on Jan 18, 2022.
             Was a Follower of Wu Jian.
             Slain by a yak (7 damage)
             ... on level 8 of the Dungeon on Jan 19, 2022.
             The game lasted 00:59:38 (9038 turns).

hatsuma the Martial Artist (Palentonga Transmuter)  Turns: 9038, Time: 00:59:39

Health: -2/81      AC: 17    Str: 13    XL:     9   Next: 59%
Magic:  12/12      EV: 10    Int: 20    God:    Wu Jian [*.....]
Gold:   333        SH:  0    Dex: 15    Spells: 6/12 levels left

rFire   . . .      SeeInvis +     - Unarmed
rCold   . . .      Faith    .   (no shield)
rNeg    . . .      Spirit   .   a - +0 robe
rPois   .          Reflect  .   h - +0 helmet
rElec   .          Harm     .   (no cloak)
rCorr   .          Rampage  .   e - +0 pair of gloves
Will    .....                   (no barding)
Stlth   +.........              (no amulet)
HPRegen 0.23/turn               c - +4 ring of protection
MPRegen 0.13/turn               t - +6 ring of intelligence

@: curled up
A: large, rugged brown scales 3, see invisible, deformed body, roll 1, armoured
tail, reflexive curl
a: Rolling Charge, Renounce Religion


You were on level 8 of the Dungeon.
You worshipped Wu Jian.
Wu Jian was aware of your devotion.
You visited 2 branches of the dungeon, and saw 10 of its levels.
You also visited: Sewer.

You collected 333 gold pieces.

Inventory:

Missiles
 o - 23 poisoned darts
 s - 3 silver boomerangs
Armour
 a - a +0 robe (worn)
 e - a +0 pair of gloves (worn)
 h - a +0 helmet (worn)
Jewellery
 c - a +4 ring of protection (left hand)
 t - a +6 ring of intelligence (right hand)
 K - a ring of poison resistance
 L - a ring of fire
Wands
 n - a wand of polymorph (8)
 v - a wand of iceblast (15)
 J - a wand of digging (4)
Scrolls
 b - a scroll of torment {unknown}
 f - 2 scrolls of enchant armour {unknown}
 g - 4 scrolls of magic mapping
 i - 2 scrolls of summoning {unknown}
 l - 4 scrolls of teleportation
 m - 2 scrolls of fear {unknown}
 q - a scroll of holy word {unknown}
 u - 3 scrolls of immolation {unknown}
 w - 4 scrolls of amnesia
 y - a scroll of blinking {unknown}
 z - a scroll of enchant weapon {unknown}
 C - a scroll of fog {unknown}
 E - 2 scrolls of vulnerability {unknown}
 H - a scroll of noise {unknown}
Potions
 d - 2 potions of haste
 j - 2 potions of mutation
 k - 3 potions of cancellation
 p - 3 potions of curing
 r - a potion of lignification {unknown}
 x - a potion of magic {unknown}
 A - a potion of invisibility {unknown}
 B - a potion of berserk rage {unknown}
 D - a potion of flight {unknown}
 F - a potion of attraction {unknown}
 G - a potion of heal wounds {unknown}
 I - 3 potions of brilliance {unknown}


   Skills:
 - Level 9.0 Fighting
 - Level 1.5 Dodging
 - Level 9.0 Unarmed Combat
 - Level 2.0 Spellcasting
 + Level 5.8 Transmutations


You had 6 spell levels left.
You knew the following spells:

 Your Spells              Type           Power      Damage    Failure   Level
a - Beastly Appendage     Tmut           50%        N/A       1%          1
b - Wereblood             Tmut           25%        N/A       2%          2
c - Spider Form           Tmut/Pois      13%        N/A       14%         3

Your spell library contained the following spells:

 Spells                   Type           Power      Damage    Failure   Level
 Animate Skeleton         Necr           4%         N/A       16%         1
 Apportation              Tloc           4%         N/A       16%         1
 Summon Small Mammal      Summ           8%         N/A       16%         1
 Blink                    Tloc           4%         N/A       24%         2
 Confusing Touch          Hex            2%         N/A       43%         3
 Lesser Beckoning         Tloc           2%         N/A       43%         3
 Ice Form                 Ice/Tmut       13%        N/A       43%         4
 Yara's Violent Unravell  Hex/Tmut       6%         3d5       78%         5
 Manifold Assault         Tloc           2%         N/A       99%         5
 Enfeeble                 Hex            1%         N/A       100%        7


Dungeon Overview and Level Annotations

Branches:
Dungeon (9/15)             Temple (1/1) D:5           Sewer (visited)
   Lair: D:8-11         Orc: D:9-12

Altars:
Ashenzari
Cheibriados
Dithmenos
Fedhas
Gozag
Hepliaklqana
Kikubaaqudgha
Makhleb
Nemelex Xobeh
Okawaru
Ru
Sif Muna
Trog
Uskayaw
Vehumet
Wu Jian
Xom
Yredelemnul
Zin
The Shining One

Annotations:
D:3 1 runed translucent door, Crazy Yiuf
D:6 3 runed translucent doors, comborobin's ghost, amateur OpCA; psuckher's ghost, novice DrBe; psuckher's ghost, weakling BaDe; sirJeffrey23's ghost, novice HuGl


Innate Abilities, Weirdness & Mutations

You are completely covered in rugged brown scales. (AC +3, +7% HP)
You have supernaturally acute eyesight. (SInv)
Armour fits poorly on your strangely shaped body.
You can roll at nearby foes to attack.
You have a long armoured tail.
You curl defensively after being hit. (AC +7*)


Message History

You barely miss the yak. The yak misses you.
You hit the yak.
The yak is lightly wounded.
You howl as the wereblood boils in your veins!
The yak gores you!
* * * LOW HITPOINT WARNING * * *
You howl as the wereblood boils in your veins!
You howl as the wereblood boils in your veins!
Your primal bloodlust is almost over.
You hear the faint creaking of a very distant portcullis.
You howl as the wereblood boils in your veins!
You howl as the wereblood boils in your veins!
You howl as the wereblood boils in your veins!
Your primal bloodlust has ended.
There is a stone staircase leading up here.
The yak gores you but does no damage.
You climb upwards.
There is a stone staircase leading down here.
The yak gores you.
* * * LOW HITPOINT WARNING * * *
You punch the yak!
You tail-slap the yak, but do no damage.
The yak is moderately wounded.
The yak gores you.
* * * LOW HITPOINT WARNING * * *
You hit the yak.
The yak is moderately wounded.
The yak gores you but does no damage.
You punch the yak!
The yak is severely wounded.
The yak gores you.
* * * LOW HITPOINT WARNING * * *
You hit the yak but do no damage.
The yak is severely wounded.
The yak gores you!
* * * LOW HITPOINT WARNING * * *
You barely miss the yak. You punch the yak.
The yak is severely wounded.
The yak gores you!
You die...

.[....#..##....#...........#...#.
####+##..##....#...........#...#.
.........#.....#...........#...#.
.........#.....#...........#...#.
.....###'##....#...........#...#.
.....##..##....#...........#...#.
.....##...#....#.>....######...#.
.....#....'....#Y.....'........#.
.....#....#....#@.....#...##..##.
#'##############......#...##..##.
......................#....>.....
......................#..........
......................#+####..##.
...........................#..##.
...........................#.....
...........................#.....
...........................#.....


You could see a yak.

Vanquished Creatures
  Pikel (D:5)
  2 yaks (D:9)
  Eustachio (D:4)
  A water moccasin (D:6)
  An orc warrior (D:9)
  A centaur (D:6)
  3 lemures
  3 kobold brigands
  A bullfrog (D:8)
  5 scorpions
  2 wyvern zombies
  A wyvern skeleton (D:7)
  3 killer bees (D:6)
  5 howler monkeys
  A bullfrog zombie (D:5)
  4 orc priests
  A jelly (D:6)
  4 hounds
  2 iguanas (D:6)
  4 orc wizards
  A scorpion zombie (D:5)
  A killer bee zombie (D:7)
  Robin (D:4)
  7 adders
  3 gnolls (D:3)
  A howler monkey skeleton (D:6)
  2 river rats
  2 white imps
  3 worms
  3 dart slugs
  27 orcs
  6 ball pythons
  6 bats
  5 endoplasms
  A giant cockroach (D:2)
  15 goblins
  4 hobgoblins
  11 jackals (D:1)
  16 kobolds
  6 quokkas
  2 frilled lizards
  16 rats
185 creatures vanquished.

Vanquished Creatures (others)
  An orc wizard (D:9)
  An orc (D:9)
  2 withered plants (D:6)
4 creatures vanquished.

Grand Total: 189 creatures vanquished

Notes
Turn   | Place    | Note
-------+----------+-------------------------------------------
     0 | D:1      | hatsuma the Palentonga Transmuter began the quest for the
                  | Orb.
     0 | D:1      | Reached XP level 1. HP: 16/16 MP: 3/3
   471 | D:1      | Reached XP level 2. HP: 21/23 MP: 5/5
   918 | D:1      | Reached XP level 3. HP: 30/31 MP: 4/6
  1127 | D:1      | Learned a level 2 spell: Wereblood
  1965 | D:2      | Learned a level 3 spell: Spider Form
  2252 | D:3      | Reached XP level 4. HP: 37/37 MP: 4/7
  2672 | D:3      | Reached XP level 5. HP: 42/43 MP: 8/8
  2716 | D:3      | Found a faded altar of an unknown god.
  2875 | D:3      | Noticed an ogre
  2964 | D:3      | Found a runed translucent door.
  2965 | D:3      | Noticed Crazy Yiuf
  3477 | D:4      | Noticed Eustachio
  3575 | D:4      | Noticed Robin
  3579 | D:4      | Identified the +0 scale mail "Qine" {Harm Rampage rPois
                  | Slay+3}
  3580 | D:4      | Killed Robin
  3581 | D:4      | Reached XP level 6. HP: 51/51 MP: 5/9
  3656 | D:5      | Entered Level 5 of the Dungeon
  3834 | D:5      | Found a glowing drain.
  3861 | Sewer    | Entered a sewer
  4281 | Sewer    | Reached skill level 5 in Unarmed Combat
  4690 | D:5      | Gained mutation: You curl defensively after being hit. (AC
                  | +7*) [Palentonga growth]
  4690 | D:5      | Reached XP level 7. HP: 56/58 MP: 7/10
  4940 | D:5      | Noticed Pikel
  5094 | D:4      | Killed Eustachio
  5463 | D:5      | Killed Pikel
  5464 | D:5      | Reached XP level 8. HP: 40/69 MP: 8/11
  5470 | D:5      | Learned a level 4 spell: Ice Form
  5669 | D:5      | Found a staircase to the Ecumenical Temple.
  5695 | Temple   | Entered the Ecumenical Temple
  5766 | Temple   | Became a worshipper of the Wu Jian Council
  5820 | Temple   | Upgraded the game from 0.28-a0-1524-ge72afd5fc6 to
                  | 0.28-a0-1555-g9ae15a6949
  6237 | D:6      | Noticed Grinder
  6238 | D:6      | Noticed Grinder
  6238 | D:6      | Grinder changed into Grinder the lemure
  6251 | D:6      | Killed Grinder the lemure
  6316 | D:6      | Found a runed translucent gate.
  6316 | D:6      | Found a runed translucent gate.
  6316 | D:6      | Found a runed translucent gate.
  6527 | D:6      | Noticed comborobin's ghost (amateur OpCA)
  6527 | D:6      | Noticed psuckher's ghost (weakling BaDe)
  6529 | D:6      | Noticed sirJeffrey23's ghost (novice HuGl)
  6531 | D:6      | Noticed psuckher's ghost (novice DrBe)
  6811 | D:6      | Reached XP level 9. HP: 79/79 MP: 8/12
  7655 | D:7      | Reached * piety under Wu Jian
  8179 | D:8      | Found a glowing silver altar of Zin.
  8863 | D:9      | Noticed a troll
  8974 | D:9      | Reached skill level 5 in Transmutations
  9035 | D:8      | HP: 4/81 [yak (8)]
  9038 | D:8      | Slain by a yak

Illustrated notes

Levels and vault maps discovered:
D:1:      minmay_arrival_semitransparent, layout_loops_corners,
          minmay_pentomino_u4
D:2:      layout_loops_ring
D:3:      layout_loops_ring, hellmonk_ecumenical_altar_arch_garden,
          minmay_misc_feat_five, uniq_crazy_yiuf_cottage
D:4:      layout_cave_pools, uniq_eustachio, uniq_robin
D:5:      layout_loops_ring, lemuel_temple_firewalk_b,
          cheibrodos_sewer_entry_sluice, grunt_decor_mini_mirrors, uniq_pikel
D:6:      layout_rooms, gammafunk_ghost_cemetery, st_stairs_5, minivault_26,
          minivault_23, kennysheep_nondescript, uniq_grinder
D:7:      layout_cave_pods
D:8:      layout_gridville, zin_treasury
D:9:      layout_long_grid, enter_bailey_7, hangedman_minor_magic
Temple:   mainiacjoe_temple_starburst

Skill      XL: |  1  2  3  4  5  6  7  8  9 |
---------------+----------------------------+-----
Fighting       | 2 3 4 6 8 9 |  9.0
Transmutations | 3 4 5 |  5.8
Unarmed Combat | 5 7 8 9 |  9.0
Dodging        | |  1.5
Spellcasting   | |  2.0

Action                   |  1- 3 |  4- 6 |  7- 9 || total
-------------------------+-------+-------+-------++-------
Melee: Unarmed           |   139 |   210 |   256 ||   605
       Tailslap          |    17 |    26 |    40 ||    83
       Kick              |    12 |    44 |    66 ||   122
       Punch             |     2 |    12 |    17 ||    31
       Headbutt          |     4 |    26 |    38 ||    68
 Cast: Beastly Appendage |    12 |    17 |    25 ||    54
       Wereblood         |     1 |     7 |    18 ||    26
Invok: Lunge             |       |       |     5 ||     5
       Whirlwind         |       |       |     4 ||     4
 Abil: Rolling Charge    |     8 |    11 |    15 ||    34
Evoke: Wand              |       |       |     2 ||     2
  Use: Scroll            |       |     4 |     3 ||     7
 Stab: Sleeping          |     1 |     3 |       ||     4
Armor: Robe              |    58 |    65 |   103 ||   226
Dodge: Dodged            |    82 |    89 |   102 ||   273

Table legend: (Time is in decaauts)
 A = Elapsed time spent in this place.
 B = Non-inter-level travel time spent in this place.
 C = Inter-level travel time spent in this place.
 D = Time resting spent in this place.
 E = Time spent auto-exploring this place.
 F = Levels seen in this place.
 G = Mean time per level.
                   A        B        C        D        E       F      G
               +--------+--------+--------+--------+--------+-----+--------+
         Total |   9062 |   8410 |    652 |   1630 |   4237 |  11 |  823.8 |
       Dungeon |   8329 |   7727 |    602 |   1360 |   4237 |   9 |  925.4 |
        Temple |    125 |     75 |     50 |      0 |      0 |   1 |  125.0 |
         Sewer |    607 |    607 |      0 |    270 |      0 |   1 |  607.0 |
               +--------+--------+--------+--------+--------+-----+--------+

Top non-repeatable levels by time:
     D:5: 1386 daAuts
     D:1: 1319 daAuts
     D:6: 1026 daAuts
     D:3: 967 daAuts
     D:7: 922 daAuts
     D:2: 888 daAuts
     D:8: 836 daAuts
     D:4: 805 daAuts
   Sewer: 607 daAuts
     D:9: 177 daAuts
  Temple: 125 daAuts
